 Dungeon Crawl Stone Soup version 0.28-a0-1429-gf3d713df7a (webtiles) character file.

Game seed: 13654653315961871321

1681 southernslant the Skirmisher (level 9, -4/55 HPs)
             Began as a Gargoyle Gladiator on Jan 8, 2022.
             Was a Follower of Makhleb.
             Slain by Prince Ribbit (8 damage)
             ... on level 6 of the Dungeon.
             The game lasted 00:14:40 (5702 turns).

southernslant the Skirmisher (Gargoyle Gladiator)   Turns: 5702, Time: 00:14:40

Health: -4/55      AC: 17    Str: 26    XL:     9   Next: 2%
Magic:  12/12      EV: 13    Int:  9    God:    Makhleb [*.....]
Gold:   177        SH:  0    Dex: 13    Spells: 12/12 levels left

rFire   . . .      SeeInvis .   s - +4 quarterstaff "Okywnuir" {venom, rCorr Str+6}
rCold   . . .      Faith    .   (shield currently unavailable)
rNeg    + . .      Spirit   .   D - +3 leather armour
rPois   ∞          Reflect  .   c - +0 helmet
rElec   +          Harm     .   (no cloak)
rCorr   +          Rampage  .   (no gloves)
Will    .....                   q - +2 pair of boots "Ylaoleta" {Fly}
Stlth   ++........              (no amulet)
HPRegen 0.18/turn               (no ring)
MPRegen 0.13/turn               (no ring)

@: flying, studying Fighting
A: sickness immunity, AC +6, negative energy resistance 1, electricity
resistance, torment resistance 1, petrification resistance
a: Renounce Religion


You were on level 6 of the Dungeon.
You worshipped Makhleb.
Makhleb was aware of your devotion.
You visited 1 branch of the dungeon, and saw 7 of its levels.

You collected 205 gold pieces.
You spent 28 gold pieces at shops.

Inventory:

Hand Weapons
 s - the +4 quarterstaff "Okywnuir" (weapon) {venom, rCorr Str+6}
   (You found it on level 5 of the Dungeon)

   It poisons the flesh of those it strikes.
   Str:       It affects your strength (+6).
   rCorr:     It protects you from acid and corrosion.
 w - the +4 hunting sling "Olanorof" {vorpal, rElec rN+ Dex+3 Stlth-}
   (You found it on level 3 of the Dungeon)

   Any ammunition fired from it inflicts extra damage upon your enemies.
   Dex:       It affects your dexterity (+3).
   rElec:     It insulates you from electricity.
   rN:        It protects you from negative energy.
   Stlth:     It makes you less stealthy.
Missiles
 d - 2 throwing nets
 e - 181 stones
 n - 3 silver boomerangs
 v - 6 javelins
 z - 5 boomerangs (quivered)
Armour
 c - a +0 helmet (worn)
 q - the +2 pair of boots "Ylaoleta" (worn) {Fly}
   (You found it on level 2 of the Dungeon)

   Fly:       It grants you flight.
 B - the +5 scale mail "Pamehu Xoif" {Rampage rElec rN+}
   (You found it on level 5 of the Dungeon)

   rElec:     It insulates you from electricity.
   rN:        It protects you from negative energy.
   Rampage:   It bestows one free step when moving towards enemies.
 D - a +3 leather armour (worn)
Wands
 h - a wand of paralysis (10)
 x - a wand of iceblast (5)
 y - a wand of charming (17)
Scrolls
 a - 2 scrolls of fog {unknown}
 g - 7 scrolls of identify
 j - a scroll of amnesia {unknown}
 l - a scroll of fear {unknown}
 o - 2 scrolls of enchant armour {unknown}
 p - 2 scrolls of blinking {unknown}
 r - 4 scrolls of teleportation {unknown}
 u - 3 scrolls of magic mapping {unknown}
 C - a scroll of vulnerability {unknown}
Potions
 f - 3 potions of might {unknown}
 i - 4 potions of heal wounds
 k - a potion of degeneration {unknown}
 m - a potion of curing {unknown}
 t - 2 potions of attraction {unknown}
 A - a potion of invisibility {unknown}


   Skills:
 * Level 6.2 Fighting
 - Level 3.2(3.9) Polearms
 * Level 3.5(4.3) Staves
 + Level 3.4 Throwing
 * Level 5.1 Armour
 * Level 4.4 Dodging
 - Level 3.0 Stealth
 + Level 2.0 Spellcasting
 * Level 3.6 Invocations


You had 12 spell levels left.
You didn't know any spells.
Your spell library contained the following spells:

 Spells                   Type           Power      Damage    Failure   Level
 Stone Arrow              Conj/Erth      0%         3d7       73%         3
 Animate Armour           Summ/Erth      0%         N/A       98%         4
 Summon Forest            Summ/Tloc      0%         N/A       100%        5
 Summon Mana Viper        Hex/Summ       0%         N/A       100%        5
 Summon Cactus Giant      Summ           0%         N/A       100%        6
 Lehudib's Crystal Spear  Conj/Erth      0%         10d2      100%        8


Dungeon Overview and Level Annotations

Branches:
Dungeon (7/15)             Temple (0/1) D:6

Altars:
Cheibriados
Makhleb
Nemelex Xobeh
Trog
Yredelemnul

Shops:
D:3 ?   D:7 :

Annotations:
D:6 Prince Ribbit


Innate Abilities, Weirdness & Mutations

You are immune to sickness and miasma.
Your stone body is resilient. (AC +6)
You are immune to poison.
You resist negative energy. (rN+)
You are resistant to electric shocks. (rElec)
You are resistant to unholy torment.
You are immune to petrification.


Message History

The centaur shoots an arrow.
The arrow hits you but does no damage. Prince Ribbit closely misses you.
The electric eel shoots out a bolt of lightning at you!
The bolt of electricity hits you. You resist.
A bullfrog comes into view.
The centaur shoots an arrow.
The arrow hits you. Prince Ribbit barely misses you.
The bullfrog gives a loud, deep croak!
Prince Ribbit closely misses you.
You fly upwards.
There is a stone staircase leading down here.
You closely miss Prince Ribbit.
Prince Ribbit is moderately wounded.
Prince Ribbit hits you.
You closely miss Prince Ribbit.
Prince Ribbit is moderately wounded.
Prince Ribbit hops awkwardly around.
Prince Ribbit blinks!
Prince Ribbit blinks!
Prince Ribbit hits you.
Prince Ribbit blinks!
Prince Ribbit blinks!
Prince Ribbit looks more healthy.
Prince Ribbit closely misses you. Prince Ribbit barely misses you.
Prince Ribbit hits you. Prince Ribbit hits you.
Prince Ribbit barely misses you. Prince Ribbit hits you!
Prince Ribbit misses you. Prince Ribbit barely misses you.
Prince Ribbit misses you. Prince Ribbit barely misses you.
Prince Ribbit hits you!
* * * LOW HITPOINT WARNING * * *
Prince Ribbit hits you.
* * * LOW HITPOINT WARNING * * *
Prince Ribbit misses you. Prince Ribbit hits you.
* * * LOW HITPOINT WARNING * * *
Prince Ribbit closely misses you. Prince Ribbit hits you.
* * * LOW HITPOINT WARNING * * *
Prince Ribbit hits you!
You die...

# #.............................
#.............................
#...........................>.
#.............................
#.............................
#.............................
#.........#.##.#..............
#...........##F...............
#.........##.@##..............
#.........##..##..............
####...........##............<...
#............#.##.#..............
#.##...........).................
#.##....÷........................
#.##.............................
#.##.............................
#.##.............................


You could see Prince Ribbit.

Vanquished Creatures
  Menkaure (D:6)
  3 black bears
  4 necrophages
  An ice beast (D:5)
  2 ogres
  A bullfrog (D:6)
  A scorpion (D:6)
  A wyvern zombie (D:4)
  A water moccasin skeleton (D:6)
  2 howler monkeys
  3 hounds
  3 jellies
  An iguana (D:5)
  8 adders
  A shadow imp (D:6)
  2 white imps (D:6)
  2 ufetubi (D:4)
  2 adder skeletons
  4 worms
  A dart slug (D:3)
  6 orcs
  4 ball pythons
  4 bats
  4 endoplasms
  2 giant cockroaches
  A goblin (D:2)
  4 hobgoblins
  3 jackals
  2 kobolds (D:2)
  6 quokkas
  4 frilled lizards
  3 rats
87 creatures vanquished.

Notes
Turn   | Place    | Note
-------+----------+-------------------------------------------
     0 | D:1      | southernslant the Gargoyle Gladiator began the quest for
                  | the Orb.
     0 | D:1      | Reached XP level 1. HP: 12/12 MP: 1/1
   133 | D:1      | Reached XP level 2. HP: 10/18 MP: 2/2
   406 | D:1      | Found a faded altar of an unknown god.
   759 | D:1      | Reached skill level 1 in Armour
  1306 | D:2      | Reached XP level 3. HP: 22/22 MP: 3/3
  1588 | D:2      | Identified the +2 pair of boots "Ylaoleta" {Fly}
  2103 | D:3      | You are sucked into a shaft and drop 3 floors!
  2111 | D:6      | Reached skill level 3 in Fighting
  2111 | D:6      | Reached XP level 4. HP: 28/28 MP: 4/4
  2277 | D:6      | Noticed a scorpion
  2306 | D:6      | Killed a scorpion
  2307 | D:6      | Reached XP level 5. HP: 23/32 MP: 5/5
  2477 | D:6      | Reached XP level 6. HP: 34/38 MP: 6/6
  2486 | D:6      | Noticed a black bear
  2491 | D:5      | Entered Level 5 of the Dungeon
  2514 | D:5      | Reached skill level 1 in Stealth
  2524 | D:5      | Noticed an ice beast
  2526 | D:5      | Identified the +4 quarterstaff "Okywnuir" {venom, rCorr
                  | Str+6}
  2755 | D:3      | Found Dugi's Magic Scroll Shoppe.
  2762 | D:3      | Bought a scroll of identify for 28 gold pieces
  2832 | D:3      | Found a snail-covered altar of Cheibriados.
  2918 | D:3      | Found a burning altar of Makhleb.
  2924 | D:3      | Became a worshipper of Makhleb the Destroyer
  2974 | D:3      | Reached skill level 4 in Fighting
  3072 | D:3      | Identified the +4 hunting sling "Olanorof" {vorpal, rElec
                  | rN+ Dex+3 Stlth-}
  3114 | D:3      | Reached skill level 1 in Staves
  3459 | D:4      | Noticed a necrophage
  3465 | D:4      | Killed a necrophage
  3466 | D:4      | Reached XP level 7. HP: 43/43 MP: 7/7
  3711 | D:4      | Reached skill level 1 in Invocations
  4250 | D:5      | Reached skill level 1 in Spellcasting
  4250 | D:5      | Reached XP level 8. HP: 39/48 MP: 9/9
  4254 | D:5      | Reached * piety under Makhleb
  4513 | D:5      | Reached skill level 5 in Fighting
  4629 | D:5      | Identified the +5 scale mail "Pamehu Xoif" {Rampage rElec
                  | rN+}
  4906 | D:6      | Found a bloodstained altar of Trog.
  5007 | D:6      | Found a staircase to the Ecumenical Temple.
  5072 | D:6      | Noticed Menkaure
  5088 | D:6      | Killed Menkaure
  5167 | D:6      | Found a sparkling altar of Nemelex Xobeh.
  5183 | D:6      | Reached skill level 6 in Fighting
  5183 | D:6      | Reached skill level 5 in Armour
  5342 | D:6      | Reached XP level 9. HP: 55/55 MP: 10/12
  5381 | D:6      | Found a basalt altar of Yredelemnul.
  5669 | D:7      | Noticed Prince Ribbit
  5669 | D:7      | Found Obrulo's Book Boutique.
  5702 | D:6      | Slain by Prince Ribbit

Illustrated notes

Levels and vault maps discovered:
D:1:      dpeg_arrival_rooms_with_view, layout_basic,
          hellmonk_ecumenical_altar_lost_god, serial_rivers,
          chequers_serial_rivers_micro_a, chequers_serial_rivers_small_b,
          chequers_serial_rivers_large_a, chequers_serial_rivers_micro_b,
          chequers_serial_rivers_micro_d, chequers_serial_rivers_micro_c,
          hangedman_glass_teeth
D:2:      layout_basic, minmay_3d_cube
D:3:      layout_loops_ring, mainiacjoe_overflow_alcove_2, lemuel_round_altar,
          serial_shops, shop
D:4:      layout_gridville, eino_tiny_chamber, minmay_manual_monstrance
D:5:      layout_cave_pools
D:6:      layout_basic, mainiacjoe_overflow_concentric_impassable,
          mainiacjoe_overflow_alcove_1, mainiacjoe_overflow_boulevard,
          minmay_temple_entry_purple_smoke, st_stairs_7, uniq_menkaure
D:7:      layout_layer_cave, nicolae_overflow_hidden_temple,
          vehumet_altar_wand_db, nicolae_tso_swordbearing_angel, serial_shops,
          nicolae_diamond_shop, serial_bayou, serial_bayou_lake_a,
          serial_bayou_shore_b, serial_bayou_lagoon_b, serial_bayou_pond_c,
          grunt_potential, uniq_prince_ribbit1, uniq_harold

Skill      XL: |  1  2  3  4  5  6  7  8 |
---------------+-------------------------+-----
Armour         | 1 2 3 4 5 |  5.1
Throwing       | 2 3 |  3.4
Fighting       | 3 4 6 |  6.2
Polearms       | 3 |  3.2
Dodging        | 3 4 |  4.4
Stealth        | 1 2 3 |  3.0
Staves         | 1 2 3 |  3.5
Invocations    | 2 3 |  3.6
Spellcasting   | 1 2 |  2.0

Action                   |  1- 3 |  4- 6 |  7- 9 || total
-------------------------+-------+-------+-------++-------
Melee: Trident           |    94 |    55 |       ||   149
       Punch             |     2 |     1 |       ||     3
       Quarterstaff      |       |    44 |    97 ||   141
Throw: Boomerang         |     5 |     7 |    20 ||    32
       Throwing net      |       |     3 |       ||     3
       Javelin           |       |       |     8 ||     8
  Use: Potion            |       |       |     1 ||     1
 Stab: Sleeping          |     2 |     4 |     2 ||     8
       Held in net/web   |       |     2 |       ||     2
Armor: Leather armour    |    16 |    41 |    53 ||   110
Dodge: Dodged            |    52 |    56 |    76 ||   184

Table legend: (Time is in decaauts)
 A = Elapsed time spent in this place.
 B = Non-inter-level travel time spent in this place.
 C = Inter-level travel time spent in this place.
 D = Time resting spent in this place.
 E = Time spent auto-exploring this place.
 F = Levels seen in this place.
 G = Mean time per level.
                   A        B        C        D        E       F      G
               +--------+--------+--------+--------+--------+-----+--------+
         Total |   5767 |   5565 |    202 |      0 |   4227 |   7 |  823.9 |
       Dungeon |   5767 |   5565 |    202 |      0 |   4227 |   7 |  823.9 |
               +--------+--------+--------+--------+--------+-----+--------+

Top non-repeatable levels by time:
     D:2: 1225 daAuts
     D:6: 1199 daAuts
     D:3: 943 daAuts
     D:1: 849 daAuts
     D:4: 806 daAuts
     D:5: 738 daAuts
     D:7: 3 daAuts
